Map: Efflorescence LE

Players

Majestic

  • Race: Zerg Zerg
  • League: Diamond
  • Spawn Location: 3:00

Momme

  • Race: Terran Terran
  • League: Platinum
  • Spawn Location: 12:00

qqq - Winner!

  • Race: Zerg Zerg
  • Spawn Location: 6:00

Massa - Winner!

  • Race: Terran Terran
  • League: Platinum
  • Spawn Location: 9:00

VOD

Have the link to the VOD?

Description

Time

  • Played on: Nov. 12, 2020, 3:11 p.m.
  • Length: 5:00
Show
View Real Time Build Order
Export as new Build Order

Majestic Zerg 

Build Orders: Hatch First 

Get SALT Encoding   

  12  0:01  Drone  
  13  0:13  Drone  
  14  0:17  Overlord  
  14  0:44  Hatchery  
  13  0:52  Drone x2, Extractor  
  14  1:15  Drone  
  14  1:16  Drone x2  
  17  1:28  Drone  
  18  1:54  Spawning Pool  
  17  2:03  Drone x2  
  17  2:06  Drone  
  20  2:11  Hatchery  
  19  2:23  Extractor  
  19  2:29  Drone  
  20  2:30  Drone, Evolution Chamber  
  20  2:31  Evolution Chamber  
  18  2:37  Drone  
  18  2:42  Metabolic Boost  
  19  2:52  Queen  
  21  3:02  Queen  
  23  3:06  Drone  
  23  3:09  Drone  
  25  3:13  Drone  
  25  3:16  Drone  
  25  3:19  Drone  
  28  3:30  Drone  
  28  3:33  Drone  
  28  3:34  Drone x2  
  32  3:36  Drone  
  33  3:44  Overlord  
  33  3:48  Overlord  
  33  4:01  Drone  
  33  4:02  Baneling Nest  
  34  4:10  Zergling x4  
  34  4:11  Zergling x2  
  35  4:24  Zergling x2  
  35  4:25  Zergling x10  
  35  4:26  Zergling x2  
  42  4:40  Zergling x4  
Show
View Real Time Build Order
Export as new Build Order

Momme Terran 

Build Orders: Reaper Expand 

Get SALT Encoding   

  12  0:02  SCV  
  13  0:14  SCV  
  14  0:21  Supply Depot  
  14  0:26  SCV  
  15  0:43  SCV  
  15  0:47  Barracks  
  16  0:55  SCV  
  17  1:14  Refinery  
  17  1:19  SCV  
  18  1:42  SCV  
  18  1:43  Command Center  
  19  1:54  SCV  
  19  1:59  Reaper  
  21  2:06  SCV  
  22  2:18  SCV  
  23  2:24  Supply Depot  
  23  2:35  Barracks Reactor  
  23  2:37  Orbital Command  
  23  2:42  Supply Depot  
  23  2:47  Bunker  
  23  2:59  Orbital Command  
  23  3:00  Factory  
  23  3:03  SCV  
  24  3:08  Refinery  
  24  3:13  Marine x2  
  24  3:15  SCV  
  27  3:27  SCV  
  27  3:31  Marine x2  
  30  3:36  SCV  
  30  3:39  SCV  
  32  3:48  SCV  
  33  3:51  SCV  
  34  4:00  SCV  
  34  4:01  Barracks Tech Lab  
  34  4:03  SCV  
  34  4:05  Widow Mine  
  34  4:06  Widow Mine  
  39  4:10  Barracks  
  39  4:13  SCV  
  39  4:15  SCV  
  41  4:21  Marine  
  42  4:25  SCV  
  42  4:27  Widow Mine x2  
  43  4:39  Marine  
Show
View Real Time Build Order
Export as new Build Order

qqq Zerg - Winner!

Build Orders: Hatch First 

Get SALT Encoding   

  12  0:01  Drone  
  13  0:20  Drone  
  14  0:46  Hatchery  
  14  0:49  Drone  
  14  1:02  Spawning Pool  
  13  1:08  Overlord  
  13  1:13  Drone  
  13  1:14  Extractor  
  13  1:19  Drone  
  14  1:36  Drone, Overlord  
  15  1:42  Drone  
  16  1:52  Queen  
  18  2:03  Drone x2  
  18  2:08  Drone  
  21  2:11  Drone  
  21  2:19  Metabolic Boost  
  21  2:24  Drone  
  22  2:32  Drone  
  22  2:34  Drone x2  
  26  2:37  Zergling x2  
  26  2:42  Zergling x2  
  27  2:50  Zergling x2  
  28  2:51  Zergling x2  
  28  2:57  Zergling x2  
  30  3:06  Zergling x2  
  30  3:07  Queen  
  34  3:20  Zergling x6  
  36  3:31  Overlord  
  36  3:32  Overlord x2  
  36  3:38  Overlord  
  36  3:51  Zergling x2  
  36  3:52  Zergling x4  
  39  3:57  Lair  
  39  4:01  Zergling x2  
  39  4:02  Zergling x2  
  41  4:11  Zergling x4  
  41  4:12  Overlord  
  41  4:13  Zergling x2  
  41  4:14  Zergling x2  
  45  4:18  Zergling x4  
  44  4:39  Zergling x2  
  44  4:40  Zergling x6  
  44  4:41  Zergling x2  
Show
View Real Time Build Order
Export as new Build Order

Massa Terran - Winner!

Build Orders:  

Get SALT Encoding   

  12  0:00  SCV  
  13  0:12  SCV  
  14  0:18  Supply Depot  
  14  0:24  SCV  
  15  0:39  SCV  
  15  0:41  Barracks  
  16  0:46  Refinery  
  16  0:51  SCV  
  17  1:03  SCV  
  18  1:15  SCV  
  18  1:18  Supply Depot  
  19  1:20  Barracks  
  19  1:32  Reaper  
  20  1:40  Barracks  
  20  1:48  Orbital Command  
  20  2:09  Barracks Tech Lab, Marine  
  20  2:14  SCV  
  22  2:27  Barracks  
  22  2:29  Marine  
  23  2:30  Marine  
  23  2:31  Marauder  
  26  2:47  Marine  
  26  2:48  Marine  
  26  2:49  Stimpack  
  28  2:54  Marine  
  29  3:02  Supply Depot  
  29  3:04  Supply Depot  
  29  3:05  Marine x2  
  31  3:19  Barracks Tech Lab  
  31  3:23  Marine x2  
  31  3:24  Marauder  
  35  3:38  Marauder  
  37  3:41  Marine x2  
  37  3:45  Marauder  
  41  3:57  Supply Depot  
  41  3:59  Marine x3  
  44  4:06  Marauder  
  46  4:17  Marine  
  46  4:18  Marine  
  46  4:19  Marauder  
  46  4:23  Supply Depot  
  50  4:28  Marauder  
Tags
 
Add a new tag
Caveats
  • Supply blocks, unpowered buildings, or Contaminate may cause inaccurate times.
  • Supply counts are checked every 10 seconds.